 Dungeon Crawl Stone Soup version 0.27.1-1-g398f81649c (webtiles) character file.

Game seed: 4491396273328754703

161 funkygono the Firebug (level 5, -2/28 HPs)
             Began as a Gargoyle Fire Elementalist on Sept 5, 2021.
             Slain by Ijyb (11 damage)
             ... on level 4 of the Dungeon.
             The game lasted 00:06:03 (3430 turns).

funkygono the Firebug (Gargoyle Fire Elementalist)  Turns: 3430, Time: 00:06:03

Health: -2/28      AC:  8    Str: 11    XL:     5   Next: 42%
Magic:  1/9        EV: 12    Int: 17    God:
Gold:   126        SH:  0    Dex: 10    Spells: 2/10 levels left

rFire    . . .     SeeInvis .   q - +1 flail
rCold    . . .     Faith    .   (no shield)
rNeg     + . .     Spirit   .   a - +0 robe
rPois    ∞         Reflect  .   (no helmet)
rElec    +         Harm     .   (no cloak)
rCorr    .         Rampage  .   l - +0 pair of gloves
Will     .....                  o - +0 pair of boots
Stlth    ++........             n - amulet of magic regeneration
HPRegen  0.09/turn              (no ring)
MPRegen  0.36/turn              (no ring)

@: very slightly contaminated
A: sickness immunity, AC +4, negative energy resistance 1, electricity
resistance, torment resistance 1, petrification resistance
a: no special abilities


You were on level 4 of the Dungeon.
You visited 1 branch of the dungeon, and saw 4 of its levels.

You collected 126 gold pieces.

Inventory:

Hand Weapons
 q - a +1 flail (weapon)
Missiles
 b - 144 stones
Armour
 a - a +0 robe (worn)
 l - a +0 pair of gloves (worn)
 o - a +0 pair of boots (worn)
Magical Staves
 s - a staff of death
Jewellery
 n - an amulet of magic regeneration (around neck)
Scrolls
 c - a scroll of teleportation
 d - a scroll of identify
Potions
 g - a potion of curing
 i - a potion of cancellation
 k - a potion of brilliance {unknown}
 p - 2 potions of lignification {unknown}


   Skills:
 + Level 1.6 Dodging
 - Level 2.1 Stealth
 * Level 3.0 Spellcasting
 * Level 3.0 Conjurations
 * Level 4.5 Fire Magic


You had 2 spell levels left.
You knew the following spells:

 Your Spells              Type           Power      Damage    Failure   Level
a - Foxfire               Conj/Fire      60%        2x1d7     3%          1
b - Conjure Flame         Conj/Fire      15%        6-21      11%         3
c - Sticky Flame          Conj/Fire      15%        2d4       36%         4

Your spell library contained the following spells:

 Spells                   Type           Power      Damage    Failure   Level
 Inner Flame              Hex/Fire       10%        N/A       21%         3
 Fireball                 Conj/Fire      7%         3d5       71%         5


Dungeon Overview and Level Annotations

Branches:
Dungeon (4/15)
 Temple: D:4-7

Altars:
Cheibriados
Gozag
Ru

Annotations:
D:4 Ijyb


Innate Abilities, Weirdness & Mutations

You are immune to sickness and miasma.
Your stone body is resilient. (AC +4)
You are immune to poison.
You resist negative energy. (rN+)
You are resistant to electric shocks. (rElec)
You are resistant to unholy torment.
You are immune to petrification.


Message History

Ijyb is severely wounded.
The foxfire hits Ijyb but does no damage.
Ijyb is severely wounded.
Ijyb drinks a potion.
Ijyb is healed!
You can move again.
Casting: Foxfire (safe; 3% risk of failure)
Confirm with . or Enter, or press ? or * to list all spells.
You miscast Foxfire.
You are very lightly contaminated with residual magic.
Nothing appears to happen.
Ijyb hits you with a +6 club.
Unknown command.
Casting: Foxfire (safe; 3% risk of failure)
Confirm with . or Enter, or press ? or * to list all spells.
You conjure some foxfire!
Ijyb barely misses you.
Unknown command.
The foxfire hits Ijyb but does no damage.
Ijyb is heavily wounded.
The foxfire hits Ijyb.
Ijyb is heavily wounded.
Ijyb zaps a wand.
You shrug off the repeated paralysis!
Press: ? - help, v - describe, . - travel
Here: Ijyb, wielding a +6 club, wearing a +0 ring mail and carrying a wand of paralysis (4) (heavily wounded)
The floor.
Unknown command.
Casting: Foxfire (safe; 3% risk of failure)
Confirm with . or Enter, or press ? or * to list all spells.
You conjure some foxfire!
Ijyb screams, "Me very upset!"
Unknown command.
You closely miss Ijyb.
Ijyb is heavily wounded.
The foxfire hits Ijyb but does no damage.
Ijyb is heavily wounded.
The foxfire hits Ijyb.
Ijyb is severely wounded.
Ijyb hits you with a +6 club!
You hit Ijyb.
Ijyb is severely wounded.
Ijyb hits you with a +6 club!
You die...

#.###..# .#### #.......
.....### #......###......#
#...............# #g#
#......# #v###......#
#.#.#......#
##.####.†........#
...........g@.<..#
..).......##.....#
..........##.....######...
..........+...............
..........#######.#######(
..........# #.##
..........# #..#
..........# ##.##
..........# #..#


You could see Ijyb.

Vanquished Creatures
  An orc priest (D:3)
  An iguana (D:4)
  2 adders (D:3)
  An adder skeleton (D:4)
  A worm (D:4)
  7 dart slugs (D:3)
  6 orcs (D:3)
  3 bats (D:2)
  4 endoplasms
  7 goblins
  3 hobgoblins
  2 jackals (D:2)
  5 kobolds
  5 quokkas
  9 ball pythons
  4 frilled lizards
  A rat (D:3)
62 creatures vanquished.

Vanquished Creatures (others)
  237 foxfires
  2 plants (D:2)
239 creatures vanquished.

Grand Total: 301 creatures vanquished

Notes
Turn   | Place    | Note
-------+----------+-------------------------------------------
     0 | D:1      | funkygono the Gargoyle Fire Elementalist began the quest
                  | for the Orb.
     0 | D:1      | Reached XP level 1. HP: 10/10 MP: 3/3
   358 | D:1      | Reached XP level 2. HP: 15/15 MP: 1/5
   468 | D:1      | Found a faded altar of an unknown god.
  1109 | D:2      | Reached XP level 3. HP: 18/19 MP: 2/6
  1175 | D:2      | Learned a level 3 spell: Conjure Flame
  1863 | D:3      | Reached skill level 4 in Fire Magic
  2110 | D:3      | Reached XP level 4. HP: 24/24 MP: 5/7
  2555 | D:3      | Found a sacrificial altar of Ru.
  2651 | D:3      | Reached XP level 5. HP: 18/28 MP: 3/9
  2658 | D:3      | Learned a level 4 spell: Sticky Flame
  2780 | D:3      | Found an opulent altar of Gozag.
  2813 | D:3      | Found a snail-covered altar of Cheibriados.
  3407 | D:4      | Noticed Ijyb
  3423 | D:4      | Paralysed by Ijyb for 2 turns
  3430 | D:4      | Slain by Ijyb

Illustrated notes

Levels and vault maps discovered:
D:1:      pf_arrival_petrified_forest, layout_loops_ring,
          dreamdust_ecumenical_altar_grove, minmay_misc_feat_hallway
D:2:      layout_loops_ring, serial_bayou_crossing
D:3:      kennysheep_slugbush, layout_basic, mainiacjoe_overflow_chevrons,
          mainiacjoe_overflow_boulevard, lemuel_crystal_altar
D:4:      layout_basic, uniq_ijyb

Skill      XL: |  1  2  3  4  5 |
---------------+----------------+-----
Fire Magic     | 4 |  4.5
Conjurations   | 2 3 |  3.0
Spellcasting   | 3 |  3.0
Dodging        | |  1.6
Stealth        | |  2.1

Action                   |  1- 3 |  4- 6 || total
-------------------------+-------+-------++-------
Melee: Club              |     2 |       ||     2
       Flail             |       |     6 ||     6
 Cast: Foxfire           |    65 |    77 ||   142
  Use: Scroll            |       |     8 ||     8
Armor: Robe              |     4 |     5 ||     9
Dodge: Dodged            |    11 |    13 ||    24
